 Dungeon Crawl Stone Soup version 0.29.1-14-g9c671dbff4 (webtiles) character file.

Game seed: 11527480016319595884

86 leafyfresh the Magician (level 4, 0/31 HPs)
             Began as a Djinni Ice Elementalist on Feb 18, 2023.
             Killed by divine providence
             ... invoked by an orc priest
              (12 damage)
             ... on level 3 of the Dungeon.
             The game lasted 00:02:15 (3245 turns).

leafyfresh the Magician (Djinni Ice Elementalist)   Turns: 3245, Time: 00:02:16

Health: 0/31       AC:  2    Str:  7    XL:     4   Next: 78%
Gold:   162        EV: 13    Int: 15    God:
                   SH:  0    Dex: 14

rFire   + + +      SeeInvis .   m - +5 short sword of Wyrd {vamp, rF++ Int-3}
rCold   x . .      Faith    .   (no shield)
rNeg    . . .      Spirit   .   a - +0 robe
rPois   ∞          Reflect  .   (no helmet)
rElec   .          Harm     .   (no cloak)
rCorr   .          Rampage  .   (no gloves)
Will    .....                   (boots unavailable)
Stlth   ++........              f - amulet of the acrobat
HPRegen 0.10/turn               (no ring)
MPRegen 0.00/turn               (no ring)

@: freezing walls, flying
A: sickness immunity, fire resistance 2, cold vulnerability 1, float, innate
caster, HP casting, extra vitality 1
a: no special abilities


You were on level 3 of the Dungeon.
You visited 1 branch of the dungeon, and saw 3 of its levels.

You collected 162 gold pieces.

Inventory:

Hand Weapons
 g - a +0 short sword
 m - the +5 short sword of Wyrd (weapon) {vamp, rF++ Int-3}
   (You found it on level 3 of the Dungeon)

   It occasionally heals its wielder for a portion of the damage dealt when it
   wounds a living foe.
   Int:       It affects your intelligence (-3).
   rF:        It greatly protects you from fire.
Missiles
 i - 2 throwing nets
Armour
 a - a +0 robe (worn)
 l - a +0 buckler
Jewellery
 f - an amulet of the acrobat (around neck)
Wands
 n - a wand of mindburst (15)
Scrolls
 d - a scroll of vulnerability {unknown}
 e - a scroll of blinking {unknown}
 h - 3 scrolls of identify {unknown}
 k - 3 scrolls of noise {unknown}
Potions
 b - a potion of curing
 c - a potion of haste {unknown}
 j - 2 potions of magic {unknown}
 o - a potion of attraction {unknown}


   Skills:
 + Level 3.8 Dodging
 - Level 1.8 Stealth
 + Level 3.9 Spellcasting


You couldn't memorise any spells.
You knew the following spells:

 Your Spells              Type           Power      Damage    Failure   Level
a - Freeze                Ice            56%        1d7       3%          1
b - Frozen Ramparts       Ice            28%        1d5       11%         3
c - Ozocubu's Armour      Ice            14%        N/A       11%         3
d - Hailstorm             Conj/Ice       14%        3d5       34%         4
e - Foxfire               Conj/Fire      56%        2x1d6     3%          1
Your spell library was empty.

Dungeon Overview and Level Annotations

Branches:
Dungeon (3/15)

Altars:
Qazlal


Innate Abilities, Weirdness & Mutations

You are immune to sickness and miasma.
You are immune to poison.
Your flesh is very heat resistant. (rF++)
You are vulnerable to cold. (rC-)
You float through the air rather than walking.
You learn spells naturally, not from books.
Your magical power is your life essence.
You have superior vitality. (+4 MHP)


Message History

The orc wizard hits you with a +1 dagger of protection.
There are monsters nearby!
You closely miss the orc wizard.
The orc wizard is moderately wounded.
The orc wizard gestures at you while chanting.
You are confused.
The orc priest invokes the aid of Beogh against you.
Beogh smites you!
There are monsters nearby!
You are too confused!
You're too confused to cast spells.
You bump into the rock wall.
The orc priest hits you with a +0 morningstar!
The orc wizard casts a spell.
The orc wizard flickers and vanishes!
Deactivating autopickup; reactivate with Ctrl-A.
An orc priest is nearby!
Unknown command.
You're too confused to cast spells.
The orc priest barely misses you. Something barely misses you.
An orc priest is nearby!
Unknown command.
You're too confused to cast spells.
You're too confused to move!
Something hits you.
The orc priest hits you with a +0 morningstar.
An orc priest is nearby!
Unknown command.
It was a potion of curing.
You feel better. The orc priest barely misses you. Something hits you.
Casting: Freeze (safe; 3% risk of failure)
Confirm with . or Enter, or press ? or * to list all spells.
The spell is quite dangerous to miscast (11% risk of failure)!
Continue anyway?
Casting: Frozen Ramparts (quite dangerous; 11% risk of failure)
Press: ? - help, Dir - look around, f - activate The walls around you are covered in ice.
The wall freezes something but does no damage.
Something hits you.
The wall freezes the orc priest.
The orc priest calls down the wrath of Beogh upon you.
Beogh smites you!
You die...

#...##.## #...÷[.##
##..##.## #..###. #..#
#. # ###..####. ..
#<........
#.###########.#..#####
#...o@.....##.........
#...{.........>..#####
##########.###...# #.#
#...## #.# #....## #.#
#.....# #.# #.##..#
#.# #.##..# #.#
#[##..# #


You could see an orc priest.

Vanquished Creatures
  Robin (D:3)
  3 adders (D:2)
  4 ball pythons
  3 bats
  4 endoplasms
  A giant cockroach (D:2)
  12 goblins
  3 hobgoblins
  2 quokkas
  A frilled lizard (D:3)
  5 kobolds
  4 rats
43 creatures vanquished.

Notes
Turn   | Place    | Note
-------+----------+-------------------------------------------
     0 | D:1      | leafyfresh the Djinni Ice Elementalist began the quest for
                  | the Orb.
     0 | D:1      | leafyfresh set off with the following spells memorised:
                  | Freeze, Frozen Ramparts, Ozocubu's Armour, Hailstorm.
     0 | D:1      | Reached XP level 1. HP: 15/15 MP: 0/0
   468 | D:1      | Reached XP level 2. HP: 17/21 MP: 0/0
   845 | D:1      | Found a faded altar of an unknown god.
  1545 | D:2      | Reached XP level 3. HP: 24/25 MP: 0/0
  1545 | D:2      | Learned a level 1 spell: Foxfire
  1895 | D:2      | Found a stormy altar of Qazlal.
  2263 | D:2      | Reached XP level 4. HP: 29/31 MP: 0/0
  2938 | D:3      | Identified the +5 short sword of Wyrd {vamp, rF++ Int-3}
  2975 | D:3      | Noticed Robin
  2989 | D:3      | Killed Robin
  3245 | D:3      | Killed from afar by an orc priest

Illustrated notes

Levels and vault maps discovered:
D:1:      scummos_arrival_simple_crosswalls, layout_basic,
          shapermc_ecumenical_altar_totnotflames
D:2:      layout_basic, basic_altar, kennysheep_small_spiral
D:3:      layout_loops_ring, uniq_robin

Skill      XL: |  1  2  3 |
---------------+----------+-----
Dodging        | 3 |  3.8
Stealth        | |  1.8
Spellcasting   | |  3.9

Action                   |  1- 3 |  4- 6 || total
-------------------------+-------+-------++-------
Melee: Unarmed           |    44 |       ||    44
       Short sword       |    48 |    24 ||    72
       Punch             |       |     1 ||     1
 Cast: Freeze            |    21 |     3 ||    24
       Frozen Ramparts   |       |     5 ||     5
  Use: Potion            |       |     1 ||     1
 Stab: Sleeping          |     4 |       ||     4
Armor: Robe              |    32 |     1 ||    33
Dodge: Dodged            |   100 |    14 ||   114
